 Dungeon Crawl Stone Soup version 0.25-a0-110-ge29c8f2358 (webtiles) character file.

Game seed: 18178609777406962246, levelgen mode: deterministic

76 floatRand the Sneak (level 4, -1/23 HPs)
             Began as a Spriggan Berserker on Nov 19, 2019.
             Was a Believer of Trog.
             Slain by a worm (10 damage)
             ... on level 2 of the Dungeon.
             The game lasted 00:04:16 (2265 turns).

floatRand the Sneak (Spriggan Berserker)            Turns: 2265, Time: 00:04:16

Health: -1/23      AC:  2    Str: 13    XL:     4   Next: 12%
Magic:  5/5        EV: 20    Int:  8    God:    Trog [**....]
Gold:   59         SH:  0    Dex: 16    Spells: 3/3 levels left

rFire    . . .     SeeInvis +   h - +1 dagger (speed)
rCold    . . .     Gourm    .   (shield restricted)
rNeg     . . .     Faith    .   b - +0 animal skin
rPois    .         Spirit   .   (helmet restricted)
rElec    .         Reflect  .   (no cloak)
rCorr    .         Harm     .   (gloves unavailable)
MR       .....                  (boots unavailable)
Stlth    +++.......             (no amulet)
HPRegen  0.07/turn              (no ring)
MPRegen  0.09/turn              (no ring)

@: very quick
A: very small, unfitting armour, see invisible, herbivore, speed 3, slow
metabolism 2
a: Berserk, Trog's Hand, Renounce Religion


You were on level 2 of the Dungeon.
You worshipped Trog.
Trog was pleased with you.
You were not hungry.

You visited 1 branch of the dungeon, and saw 2 of its levels.

You collected 59 gold pieces.

Inventory:

Hand Weapons
 a - a +0 short sword
 h - a +1 dagger of speed (weapon)
Armour
 b - a +0 animal skin (worn)
Scrolls
 d - 2 scrolls of fear
 e - 3 scrolls of identify
 g - a scroll of enchant weapon {unknown}
Potions
 f - a potion of haste
 i - a potion of flight {unknown}
Comestibles
 c - 4 rations


   Skills:
 - Level 2.4 Fighting
 + Level 4.1 Short Blades
 - Level 4.4 Dodging
 * Level 5.0 Stealth


You had 3 spell levels left.
You didn't know any spells.
Your spell library was empty.

Dungeon Overview and Level Annotations

Branches:
Dungeon (2/15)

Altars:
Dithmenos


Innate Abilities, Weirdness & Mutations

You are very small and have problems with some larger weapons.
You are too small for most types of armour.
You have supernaturally acute eyesight. (SInv)
You are a herbivore.
You cover ground extremely quickly.
You need to consume almost no food.


Message History

You hit the worm.
The worm is severely wounded.
You hit the worm.
The worm is almost dead.
The worm misses you.
You barely miss the worm.
The worm is severely wounded.
You hit the worm.
The worm is almost dead.
You barely miss the worm.
The worm is almost dead.
The worm bites you!
You hit the worm.
The worm is almost dead.
You hit the worm but do no damage.
The worm is almost dead.
You hit the worm.
The worm is almost dead.
The worm bites you!
You die...

#.# #.#
#.##.†......###.# #.#
##.###.########.#.#.##
#.# #...##.# #..#.##
#.# #.#.##.# ##[#.#
#.# #...##. ##.#.# #.#
#w####.########....#
#.# #.#
#..............#
####<# #g#
#.#.#######...##
...#.## #.# # #@#
##.## #..#..## #.#
#.#w# #.# ##.....# #.#
#.#.# #.# ##..##.#
#.###.#.# #.# #..###.#
#.......########.#
...##..#####
#..#.....)...#
.........#
#.#.##########
.....##..# #.#.#
_...####.#####.#.#


You could see a worm.

Vanquished Creatures
  2 adders (D:2)
  3 dart slugs
  A leopard gecko (D:1)
  A ball python (D:1)
  3 giant cockroaches
  7 goblins
  5 hobgoblins
  4 jackals (D:2)
  9 bats
  3 frilled lizards (D:1)
  5 kobolds
  5 rats
48 creatures vanquished.

Notes
Turn   | Place    | Note
-------+----------+-------------------------------------------
     0 | D:1      | floatRand the Spriggan Berserker began the quest for the
                  | Orb.
     0 | D:1      | Reached XP level 1. HP: 11/11 MP: 2/2
    31 | D:1      | Reached skill level 1 in Stealth
    95 | D:1      | Reached skill level 2 in Stealth
   117 | D:1      | Reached XP level 2. HP: 6/16 MP: 3/3
   495 | D:1      | Reached skill level 3 in Stealth
   956 | D:2      | Reached ** piety under Trog
   971 | D:2      | Reached XP level 3. HP: 6/19 MP: 4/4
  1355 | D:2      | Reached skill level 4 in Stealth
  1829 | D:2      | Found a shadowy altar of Dithmenos.
  1992 | D:2      | Reached XP level 4. HP: 21/23 MP: 5/5
  2149 | D:2      | Reached skill level 5 in Stealth
  2265 | D:2      | Slain by a worm

Levels and vault maps discovered:
D:1:      erik_arrival_blinker_ship, layout_basic, lemuel_another_geyser
D:2:      layout_loops_ring, nicolae_dithmenos_shadow_blocks

Skill      XL: |  1  2  3  4 |
---------------+-------------+-----
Stealth        | 2 3 4 5 |  5.0
Short Blades   | 4 |  4.1
Fighting       | |  2.4
Dodging        | |  4.4

Action                   |  1- 3 |  4- 6 || total
-------------------------+-------+-------++-------
Melee: Short sword       |   122 |       ||   122
       Dagger            |    45 |    37 ||    82
  Use: Scroll            |     2 |       ||     2
       Potion            |     1 |       ||     1
 Stab: Sleeping          |     5 |       ||     5
       Distracted        |     1 |       ||     1
Armor: Animal skin       |    18 |       ||    18
Dodge: Dodged            |   147 |    10 ||   157

Table legend:
 A = Non-vault XP
 B = Vault XP
 C = Vault XP percentage of total XP
 D = Non-vault monster count
 E = Vault monster count
 F = Vault count percentage of total count
                 A         B        C        D         E       F
            +---------+---------+-------+---------+---------+-------
      Total |     109 |       0 |   0.0 |      48 |       0 |   0.0
            +---------+---------+-------+---------+---------+-------
        D:1 |      37 |       0 |   0.0 |      22 |       0 |   0.0
        D:2 |      72 |       0 |   0.0 |      26 |       0 |   0.0
            +---------+---------+-------+---------+---------+-------
